 Dungeon Crawl Stone Soup version 0.23-a0-182-g58cdd98 (webtiles) character file.

774 galech the Chopper (level 7, -7/55 HPs)
             Began as a Demonspawn Fighter on Sept 4, 2018.
             Was a Follower of Okawaru.
             Mangled by an iguana (10 damage)
             ... on level 5 of the Dungeon on Sept 20, 2018.
             The game lasted 00:07:29 (4544 turns).

galech the Chopper (Demonspawn Fighter)             Turns: 4544, Time: 00:07:30

Health: -7/55      AC: 11    Str: 16    XL:     7   Next: 53%
Magic:  5/7        EV:  9    Int: 10    God:    Okawaru [*.....]
Gold:   163        SH: 11    Dex: 14    Spells: 6/6 levels left

rFire    . . .     SeeInvis .   a - +0 war axe
rCold    + . .     Gourm    .   c - +0 shield
rNeg     . . .     Faith    .   o - +0 chain mail
rPois    .         Spirit   .   (no helmet)
rElec    .         Reflect  .   (no cloak)
rCorr    .         Harm     .   (no gloves)
MR       .....                  (no boots)
Stlth    ..........             (no amulet)
HPRegen  0.18/turn              (no ring)
MPRegen  0.10/turn              (no ring)

@: heroism
A: cold resistance 1, freezing cloud immunity
a: Heroism, Renounce Religion


You were on level 5 of the Dungeon.
You worshipped Okawaru.
Okawaru was aware of your devotion.
You were not hungry.

You visited 1 branch of the dungeon, and saw 5 of its levels.

You collected 163 gold pieces.

Inventory:

Hand Weapons
 a - a +0 war axe (weapon)
Armour
 c - a +0 shield (worn)
 o - a +0 chain mail (worn)
Scrolls
 g - 2 scrolls of amnesia
 i - 2 scrolls of enchant armour
 k - a scroll of enchant weapon
 l - 2 scrolls of teleportation
 q - a scroll of random uselessness
 r - a scroll of blinking
 s - 4 scrolls of remove curse
Potions
 d - 2 potions of might
 e - a potion of lignification {unknown}
 h - a potion of curing
 j - a potion of cancellation {unknown}
 m - a potion of brilliance {unknown}
 n - a potion of berserk rage {unknown}
 p - 4 potions of mutation {unknown}
 u - a potion of ambrosia {unknown}
 w - a potion of flight {unknown}
 x - a potion of degeneration {unknown}
Comestibles
 b - 2 chunks of flesh
 f - 7 rations


   Skills:
 + Level 4.4(9.4) Fighting
 + Level 5.0(10.0) Axes
 + Level 4.5(9.5) Armour
 + Level 1.1(6.1) Dodging
 + Level 0.1(5.1) Stealth
 + Level 4.3(9.3) Shields


You had 6 spell levels left.
You didn't know any spells.
Your spell library contained the following spells:

 Spells                   Type           Power        Failure   Level  Hunger
 Corona                   Hex            #......      100%        1    ##.....
 Freeze                   Ice            #...         100%        1    ##.....
 Throw Frost              Conj/Ice       #.....       100%        2    ###....
 Ozocubu's Armour         Chrm/Ice       #.......     100%        3    ####...
 Summon Ice Beast         Ice/Summ       #.......     100%        4    #####..
 Throw Icicle             Conj/Ice       #.......     100%        4    #####..


Dungeon Overview and Level Annotations

Branches:
Dungeon (5/15)             Temple (0/1) D:4

Altars:
Ashenzari
Cheibriados
Dithmenos
Fedhas
Hepliaklqana
Kikubaaqudgha
Makhleb
Okawaru
Sif Muna
Vehumet
Xom


Innate Abilities, Weirdness & Mutations

Your flesh is cold resistant. (rC+)
You are immune to freezing clouds.


Message History

The orc wizard gestures at you while chanting.
The magic dart hits you!
* * * LOW HITPOINT WARNING * * *
Found a potion of curing.
Things that are here:
a flail; a robe; an orc corpse You gain the combat prowess of a mighty hero.
The orc barely misses you. The iguana bites you.
* * * LOW HITPOINT WARNING * * *
You block the iguana's attack. The orc hits you with a flail.
* * * LOW HITPOINT WARNING * * *
You slash the iguana!
The iguana is almost dead.
You hit the crimson imp. You hit the orc.
You kill the orc!
Okawaru accepts your kill.
You feel yourself speed up.
The orc wizard gestures wildly while chanting.
The orc wizard seems to speed up.
The iguana bites you!
You die...

.. ##.#.....# #.#.#
...... ..+.....+ #.#.###
...... #.#.....# #.#.##.
......##.#.....###......
......>.................
.....#.#............#.
.....#o###.#####....#. +
#l#.###.#####....#.
#.@)..............)
#(#5#.#.#####....#.
.......#.# #....#.
.....#.#'#.. .........
#'#.###......)..#....#.
.. .. '.. ..... +....#.
# .# #... ... ##..### ..
... !.. ... ##.


You could see an iguana, an orc wizard and a crimson imp.

Vanquished Creatures
  A sky beast (D:5)
  3 scorpions
  A centaur zombie (D:3)
  A jelly (D:5)
  A hound (D:5)
  2 bullfrog skeletons (D:4)
  A centaur skeleton (D:4)
  An orc priest (D:3)
  An iguana (D:4)
  4 orc wizards
  2 worker ants (D:4)
  A hound zombie (D:5)
  2 adders (D:4)
  2 worms
  2 dart slugs
  3 leopard geckos
  9 orcs
  9 bats
  5 giant cockroaches
  13 goblins
  3 hobgoblins (D:1)
  3 jackals (D:4)
  4 quokkas
  2 ball pythons (D:3)
  5 frilled lizards
  2 kobolds
  A quokka skeleton (D:4)
  6 rats
90 creatures vanquished.

Vanquished Creatures (others)
  An orc wizard (D:4)
1 creature vanquished.

Grand Total: 91 creatures vanquished

Notes
Turn   | Place    | Note
-------+----------+-------------------------------------------
     0 | D:1      | galech the Demonspawn Fighter began the quest for the Orb.
     0 | D:1      | Reached XP level 1. HP: 18/18 MP: 1/1
    80 | D:1      | Gained mutation: Your flesh is cold resistant. (rC+)
                  | [demonic ancestry]
    80 | D:1      | Reached XP level 2. HP: 15/24 MP: 2/2
    85 | D:1      | Reached skill level 2 in Axes
   531 | D:1      | Reached XP level 3. HP: 28/29 MP: 3/3
   821 | D:2      | Found a shadowy altar of Dithmenos.
   821 | D:2      | Found a snail-covered altar of Cheibriados.
   821 | D:2      | Found a hazy altar of Hepliaklqana.
  1002 | D:2      | Found a blossoming altar of Fedhas.
  1003 | D:2      | Found a shimmering altar of Xom.
  1176 | D:2      | Found a shattered altar of Ashenzari.
  1391 | D:3      | Found an iron altar of Okawaru.
  1395 | D:3      | Noticed a scorpion
  1400 | D:3      | Became a worshipper of Warmaster Okawaru
  1419 | D:3      | Killed a scorpion
  1419 | D:3      | Reached skill level 3 in Axes
  1419 | D:3      | Reached XP level 4. HP: 21/35 MP: 4/4
  1718 | D:3      | Gained mutation: You are immune to freezing clouds.
                  | [demonic ancestry]
  1718 | D:3      | Reached XP level 5. HP: 39/41 MP: 5/5
  2351 | D:3      | Found a burning altar of Makhleb.
  2588 | D:4      | Reached * piety under Okawaru
  2588 | D:4      | Reached XP level 6. HP: 30/48 MP: 6/6
  2739 | D:4      | Reached skill level 4 in Axes
  2971 | D:4      | Found a hazy altar of Hepliaklqana.
  3696 | D:4      | Reached XP level 7. HP: 54/54 MP: 7/7
  3699 | D:4      | Found a staircase to the Ecumenical Temple.
  3744 | D:4      | Upgraded the game from 0.23-a0-143-g1adec7b to
                  | 0.23-a0-182-g58cdd98
  4010 | D:4      | Reached skill level 1 in Dodging
  4242 | D:4      | Found an ancient bone altar of Kikubaaqudgha.
  4242 | D:4      | Found a deep blue altar of Sif Muna.
  4244 | D:4      | Found a radiant altar of Vehumet.
  4248 | D:4      | Identified Sif Muna's Disquisition on Hexes
  4381 | D:5      | Entered Level 5 of the Dungeon
  4523 | D:5      | Reached skill level 5 in Axes
  4544 | D:5      | Mangled by an iguana

Vault maps used:
D:1:      lightli_arrival_lavapool, skrybe_limestone_x
D:2:      lemuel_crystal_altar, minitemple, first_ration, minmay_crystal_room,
          minmay_tromino_v2
D:3:      lemuel_coloured_pillars_altar, overflow_temple_1_default
D:4:      grunt_temple_overflow_magic_moments, temple_pool_b, lemuel_tele_altar
D:5:      enter_ossuary_3, portal_sewer_entry_b, uniq_menkaure

Skill      XL: |  1  2  3  4  5  6  7 |
---------------+----------------------+-----
Axes           | 2 3 4 5 |  5.0
Shields        | 3 4 |  4.3
Armour         | 3 4 |  4.5
Fighting       | 4 |  4.4
Dodging        | 1 |  1.1
Stealth        | |  0.1

Action                   |  1- 3 |  4- 6 |  7- 9 || total
-------------------------+-------+-------+-------++-------
Melee: War axe           |   130 |   242 |    88 ||   460
Invok: Heroism           |       |       |     2 ||     2
  Use: Potion            |     3 |       |       ||     3
       Scroll            |       |       |     8 ||     8
  Eat: Chunk             |     2 |     8 |     3 ||    13
Armor: Scale mail        |    33 |       |       ||    33
       Chain mail        |    59 |   153 |    59 ||   271
Dodge: Dodged            |    35 |    28 |    20 ||    83
Block: Shield            |    61 |    95 |    56 ||   212

Table legend:
 A = Non-vault XP
 B = Vault XP
 C = Vault XP percentage of total XP
 D = Non-vault monster count
 E = Vault monster count
 F = Vault count percentage of total count
                 A         B        C        D         E       F
            +---------+---------+-------+---------+---------+-------
      Total |    1106 |       1 |   0.1 |      90 |       1 |   1.1
            +---------+---------+-------+---------+---------+-------
        D:1 |      45 |       0 |   0.0 |      25 |       0 |   0.0
        D:2 |      17 |       1 |   5.6 |       8 |       1 |  11.1
        D:3 |     240 |       0 |   0.0 |      25 |       0 |   0.0
        D:4 |     559 |       0 |   0.0 |      24 |       0 |   0.0
        D:5 |     245 |       0 |   0.0 |       8 |       0 |   0.0
            +---------+---------+-------+---------+---------+-------
